AoeStats
← tom.klein.kn

Oasis

507809979Analyzed
2v2 RM · 11d ago on Sep 19, 2026· 54m 44s· 4 players
Game mode
Random Map
Map size
Medium (4 player)
Population
200
Speed
Normal
Resources
Standard
Victory
Conquest
Starting age
Dark Age
Ending age
Imperial Age
RankedLock teamsTeams togetherTeam positionsShared explorationLock speedFull tech treeHidden civsTurbo modeCheats
Victory
Defeat
🇩🇪 Khitans · Germany
1030
+14
🇩🇪 Khmer · Germany
1029
+14
🇳🇿 Franks · New Zealand
999
-33
🇬🇧 Celts · United Kingdom
964
-13
t_Franz
9:02 Loom
11:21 Feudal Age
19:06 Double-Bit Axe
20:31 Forging
23:45 Castle Age
25:56 Gold Mining
27:01 Scale Barding Armor
31:23 Stone Mining
32:05 Fletching
32:28 Pikeman
33:35 Fortified Wall
33:24 Murder Holes
33:34 Light Cavalry
34:49 Squires
38:20 Imperial Age
36:30 Wheelbarrow
37:18 Iron Casting
37:57 Gold Shaft Mining
38:08 Ballistics
39:11 Cavalier
39:54 Husbandry
40:34 Chain Barding Armor
40:16 Scale Mail Armor
40:13 Halberdier
41:50 Hoardings
41:58 Hand Cart
41:33 Town Watch
44:13 Chemistry
43:36 Chain Mail Armor
48:48 Plate Mail Armor
Smithy
8:08 Loom
11:49 Feudal Age
12:16 Double-Bit Axe
12:12 Horse Collar
12:49 Gold Mining
19:59 Castle Age
21:30 Bow Saw
21:33 Heavy Plow
22:42 Wheelbarrow
22:22 Forging
22:12 Scale Mail Armor
23:43 Iron Casting
23:04 Arson
26:14 Hand Cart
28:03 Gold Shaft Mining
32:07 Imperial Age
34:34 Blast Furnace
33:49 Chain Mail Armor
33:46 Onager
36:30 Chemistry
35:38 Siege Engineers
36:54 Siege Onager
37:20 Capped Ram
38:58 Pikeman
40:25 Conscription
40:22 Furor Celtica
45:20 Elite Woad Raider
46:35 Plate Mail Armor
45:41 Halberdier
46:09 Gambesons
FlorianStefan
5:18 Loom
11:36 Feudal Age
12:06 Double-Bit Axe
12:04 Domestication
19:10 Castle Age
19:07 Wheelbarrow
18:21 Town Watch
22:32 Bow Saw
22:51 Pastoralism
23:49 Hand Cart
27:20 Husbandry
30:48 Imperial Age
28:56 Scale Barding Armor
29:01 Forging
29:13 Gold Mining
30:43 Town Patrol
31:25 Iron Casting
30:51 Scale Mail Armor
30:51 Padded Archer Armor
31:38 Lamellar Armor
32:04 Conscription
33:31 Chain Barding Armor
33:29 Chain Mail Armor
34:53 Two-Man Saw
34:55 Plate Mail Armor
34:45 Chain Barding Armor
34:41 Leather Archer Armor
35:23 Elite Liao Dao
37:28 Plate Barding Armor
36:43 Fletching
37:40 Ordo Cavalry
38:44 Chemistry
38:05 Ballistics
37:45 Murder Holes
38:36 Heavy Camel Rider
38:40 Light Cavalry
41:05 Masonry
41:49 Hussar
44:16 Siege Engineers
44:21 Fortified Wall
45:08 Squires
44:56 Arson
46:38 Elite Steppe Lancer
52:27 Bodkin Arrow
53:02 Ring Archer Armor
tom.klein.kn
7:20 Loom
11:53 Feudal Age
12:59 Double-Bit Axe
19:00 Castle Age
18:02 Wheelbarrow
17:22 Horse Collar
18:09 Gold Mining
22:10 Bow Saw
28:11 Imperial Age
26:31 Wheelbarrow
25:42 Town Watch
26:21 Forging
26:13 Padded Archer Armor
29:49 Iron Casting
29:31 Leather Archer Armor
37:09 Blast Furnace
36:03 Fletching
38:45 Husbandry
38:56 Bloodlines
38:06 Light Cavalry
39:42 Bodkin Arrow
39:47 Scale Mail Armor
40:17 Ballistics
41:03 Chemistry
40:47 Siege Engineers
40:59 Stone Mining
41:44 Gold Shaft Mining
42:55 Double Crossbow
44:35 Stone Shaft Mining
44:41 Heavy Scorpion
47:00 Hussar
Connection lost

Rejoining the realm…

Still unreachable

The connection could not be restored.

Session expired

The server has moved on; the page needs a fresh start.